 Dungeon Crawl Stone Soup version 0.23.1 (webtiles) character file.

Game seed: 6360900135555604798

98 ohad the Changer (level 4, -9/28 HPs)
             Began as an Octopode Transmuter on Mar 11, 2019.
             Mangled by a gnoll
             ... wielding a +0 spear
              (11 damage)
             ... on level 3 of the Dungeon.
             The game lasted 00:04:30 (2160 turns).

ohad the Changer (Octopode Transmuter)              Turns: 2160, Time: 00:04:30

Health: -9/28      AC:  2    Str:  9    XL:     4   Next: 71%
Magic:  4/8        EV: 19    Int: 16    God:
Gold:   65         SH:  0    Dex: 17    Spells: 3/9 levels left

rFire    . . .     SeeInvis .     - Unarmed
rCold    . . .     Gourm    .   (shield currently unavailable)
rNeg     . . .     Faith    .   (helmet currently unavailable)
rPois    x         Spirit   .   (no amulet)
rElec    .         Reflect  .   (no ring)
rCorr    .         Harm     .   (no ring)
MR       .....                  (no ring)
Stlth    ++........             (no ring)
HPRegen  0.09/turn              (no ring)
MPRegen  0.11/turn              (no ring)
                                (no ring)
                                (no ring)

@: spider-form (expiring)
A: tiny, almost no armour, stealthy swim, (amphibious), 8 rings, (constrict 8)
a: End Transformation


You were on level 3 of the Dungeon.
You were not hungry.
You were a venomous arachnid creature.
You visited 1 branch of the dungeon, and saw 3 of its levels.

You collected 65 gold pieces.

Inventory:

Missiles
 a - 45 arrows
 f - 19 poisoned needles
Scrolls
 b - 5 scrolls of identify {unknown}
 d - 3 scrolls of teleportation {unknown}
 e - 3 scrolls of immolation {unknown}
 i - a scroll of random uselessness {unknown}
 k - 2 scrolls of remove curse {unknown}
Potions
 g - 2 potions of invisibility {unknown}
 j - a potion of heal wounds {unknown}
 l - a potion of mutation {unknown}
 m - a potion of flight {unknown}
Comestibles
 c - 3 rations
 h - 3 chunks of flesh


   Skills:
 - Level 1.0 Fighting
 - Level 2.0 Dodging
 - Level 3.0 Unarmed Combat
 + Level 3.1 Spellcasting
 - Level 3.9 Transmutations


You had 3 spell levels left.
You knew the following spells:

 Your Spells              Type           Power        Failure   Level  Hunger
a - Beastly Appendage     Tmut           ###...       12%         1    None
b - Sticks to Snakes      Tmut           ###.....     16%         2    ##.....
c - Spider Form           Tmut/Pois      #.........   45%         3    ###....

Your spell library contained the following spells:

 Spells                   Type           Power        Failure   Level  Hunger
 Ice Form                 Ice/Tmut       #.......     82%         4    ####...
 Blade Hands              Tmut           ###.......   87%         5    ######.


Dungeon Overview and Level Annotations

Branches:
Dungeon (3/15)

Altars:


Innate Abilities, Weirdness & Mutations

You cannot wear most types of armour.
You are very stealthy in the water. (Stealth+)
((You are amphibious.))
You can wear up to eight rings at the same time.
((You can use your tentacles to constrict eight enemies at once.))
((Your skin changes colour to match your surroundings (Stealth+).))
((Your rubbery body absorbs attacks. (AC +1, EV +1)))


Message History

The leopard gecko closely misses you.
You hit the leopard gecko but do no damage.
The leopard gecko looks as sick as possible!
The leopard gecko is heavily wounded.
You kill the leopard gecko!
You bite the goblin!
You kill the goblin!
Your transformation is almost over.
The gnoll barely misses you.
You hit the gnoll.
The gnoll is poisoned.
The gnoll is lightly wounded.
The gnoll hits you with a +0 spear.
You barely miss the gnoll.
The gnoll is moderately wounded.
The gnoll hits you with a +0 spear!
* * * LOW HITPOINT WARNING * * *
You barely miss the gnoll.
The gnoll is moderately wounded.
The gnoll hits you with a +0 spear!
You die...

.).....(.......
#......#.. ...#
######.######.###
#..........# ######
#######.##.###.....
#########........#
#..........).....###
...#############..รท.####
........sg.......######
##########.....).......
######........
.....^.......##
########.....# .....#
######


You could see a gnoll.

Vanquished Creatures
  3 gnolls (D:3)
  An adder (D:2)
  An ooze (D:1)
  2 dart slugs
  3 leopard geckos
  4 giant cockroaches
  7 goblins
  5 hobgoblins
  A quokka (D:2)
  5 bats
  7 kobolds
  10 rats
49 creatures vanquished.

Notes
Turn   | Place    | Note
-------+----------+-------------------------------------------
     0 | D:1      | ohad the Octopode Transmuter began the quest for the Orb.
     0 | D:1      | Reached XP level 1. HP: 13/13 MP: 3/3
   207 | D:1      | Reached XP level 2. HP: 11/18 MP: 3/5
   803 | D:1      | Reached XP level 3. HP: 18/23 MP: 4/6
  1201 | D:2      | Learned a level 2 spell: Sticks to Snakes
  1205 | D:2      | Learned a level 3 spell: Spider Form
  1476 | D:2      | Reached XP level 4. HP: 24/28 MP: 7/7
  2160 | D:3      | Mangled by a gnoll

Skill      XL: |  1  2  3  4 |
---------------+-------------+-----
Transmutations | 3 |  3.9
Spellcasting   | 3 |  3.1
Fighting       | |  1.0
Dodging        | |  2.0
Unarmed Combat | |  3.0

Action                   |  1- 3 |  4- 6 || total
-------------------------+-------+-------++-------
Melee: Unarmed           |    84 |    32 ||   116
       Constrict         |    26 |     6 ||    32
       Tentacles         |    13 |     3 ||    16
       Kick              |     8 |       ||     8
 Cast: Beastly Appendage |    10 |     1 ||    11
       Spider Form       |       |     3 ||     3
 Stab: Sleeping          |     9 |       ||     9
  Eat: Chunk             |     2 |     3 ||     5
Armor: Skin              |    10 |     1 ||    11
Dodge: Dodged            |    50 |    28 ||    78
